 Dungeon Crawl Stone Soup version 0.17.1-2-g5865329 (webtiles) character file.

95 namelastname112 the Magician (level 4, -1/36 HPs)
             Began as a Draconian Wizard on Jan 11, 2016.
             Slain by an adder (4 damage)
             ... on level 2 of the Dungeon.
             The game lasted 00:03:35 (2424 turns).

namelastname112 the Magician (Draconian Wizard)     Turns: 2424, Time: 00:03:36

Health: -1/36      AC:  5    Str: 10      XL:     4   Next: 39%
Magic:  9/9        EV: 12    Int: 19      God:
Gold:   71         SH:  0    Dex:  7 (9)  Spells: 1 memorised, 9 levels left

rFire  . . .     SeeInvis .     f - +0 short sword
rCold  . . .     Clarity  .     (armour unavailable)
rNeg   . . .     SustAt   .     (no shield)
rPois  .         Gourm    .     a - +0 hat
rElec  .         Spirit   .     (no cloak)
rCorr  .         Warding  .     (no gloves)
rMut   .         Stasis   .     (no boots)
MR     .....                    (no amulet)
Stlth  +.........               (no ring)
                                (no ring)

@: lethally poisoned (-1 -> -4), not resistant to hostile enchantments, very
unstealthy
A: unfitting armour, cold-blooded, AC +5
a: no special abilities


You were on level 2 of the Dungeon.
You were not hungry.

You visited 1 branch of the dungeon, and saw 2 of its levels.

You collected 71 gold pieces.

Inventory:

Hand Weapons
 f - a +0 short sword (weapon)
Armour
 a - a +0 hat (worn)
Scrolls
 e - a scroll of remove curse
 l - a scroll of recharging
Potions
 j - a potion of degeneration
Books
 b - a book of Minor Magic

   Spells                             Type                      Level
   a - Magic Dart                     Conjuration                  1
   b - Blink                          Translocation                2
   c - Call Imp                       Summoning                    2
   d - Repel Missiles                 Charms/Air                   2
   e - Slow                           Hexes                        2
   f - Conjure Flame                  Conjuration/Fire             3
   g - Mephitic Cloud                 Conjuration/Poison/Air       3
Comestibles
 c - a bread ration
 d - 4 fruits
 g - a beef jerky
 h - 2 meat rations
 i - 2 chunks of flesh


   Skills:
 + Level 2.0 Fighting
 + Level 3.0 Dodging
 - Level 1.7 Stealth
 + Level 3.8 Spellcasting
 - Level 1.0 Conjurations
   Level 1.0 Summonings
   Level 1.0 Translocations


You had 9 spell levels left.
You knew the following spells:

 Your Spells              Type           Power        Failure   Level  Hunger
z - Magic Dart            Conj           #...         12%         1    None


Dungeon Overview and Level Annotations

Branches:
Dungeon (2/15)

Altars:
Fedhas
Makhleb


Innate Abilities, Weirdness & Mutations

Your plain brown scales are hard (AC +5).
Your body does not fit into most forms of armour.
You are cold-blooded and may be slowed by cold attacks.


Message History

* * * LOW HITPOINT WARNING * * *
You feel sick. The adder closely misses you.
Drink which item? (? for menu, Esc to quit)
Okay, then.
* * * LOW HITPOINT WARNING * * *
You feel sick.
* * * LOW HITPOINT WARNING * * *
You feel sick. The adder closely misses you.
* * * LOW HITPOINT WARNING * * *
You feel sick.
* * * LOW HITPOINT WARNING * * *
You feel sick. The adder barely misses you.
* * * LOW HITPOINT WARNING * * *
You feel sick. The adder closely misses you.
You see here a worm corpse.
* * * LOW HITPOINT WARNING * * *
You feel sick. The adder bites you.
You die...

***,,,,.***#.....##########
*,,,,,,..$*#.......<.......
*,,,,,,...##..........#####
*,,,,,,,.........####.# #
*,,,,,,,,.##.....# #.### #
*,,,,,,,,..#.....# #...###
***,,,,,*#.#...### ###....
*,,,,,*#.#.### #####
*******#@#.# # #S#.# #h#.#
# #...# ## #..## #####.
#...#### #..... #.#....#
#.#### #.####.### ##.#
#.##.....###..#


You could see an adder and a jackal.

Vanquished Creatures
  4 adders (D:2)
  3 oozes
  A worm (D:2)
  4 giant geckos
  5 bats
  3 giant cockroaches
  6 goblins
  5 hobgoblins
  A jackal (D:2)
  2 ball pythons (D:1)
  2 giant newts (D:2)
  6 kobolds
  6 rats
48 creatures vanquished.

Notes
Turn   | Place    | Note
--------------------------------------------------------------
     0 | D:1      | namelastname112 the Draconian Wizard began the quest for the Orb.
     0 | D:1      | Reached XP level 1. HP: 14/14 MP: 4/4
   381 | D:1      | Reached XP level 2. HP: 5/20 MP: 0/6
   880 | D:1      | Reached skill level 1 in Fighting
   934 | D:1      | Reached XP level 3. HP: 24/28 MP: 7/7
  1255 | D:2      | Found a burning altar of Makhleb.
  1926 | D:2      | Reached XP level 4. HP: 17/36 MP: 2/9
  2169 | D:2      | Found a blossoming altar of Fedhas.
  2424 | D:2      | Slain by an adder

Action                   |  1- 3 |  4- 6 || total
-------------------------+-------+-------++-------
Melee: Short sword       |    29 |    51 ||    80
       Hand axe          |    96 |    19 ||   115
 Cast: Magic Dart        |    41 |    10 ||    51
  Use: Scroll            |     3 |     2 ||     5
       Potion            |       |     1 ||     1
 Stab: Sleeping          |     1 |     1 ||     2
  Eat: Chunk             |     3 |     2 ||     5
